 Seeded DCSS version 0.27.1-34-g3ba077fa99 (webtiles) character file.

Game seed: 74894893043 (custom seed)

364 lonewolfV2 the Skirmisher (level 6, -6/48 HPs)
             Began as a Demonspawn Fighter on Jan 6, 2022.
             Mangled by a goblin (10 damage)
             ... led by Robin
             ... on level 4 of the Dungeon.
             The game lasted 00:05:02 (2618 turns).

lonewolfV2 the Skirmisher (Demonspawn Fighter)      Turns: 2618, Time: 00:05:03

Health: -6/48      AC: 18    Str: 18    XL:     6   Next: 39%
Magic:  6/6        EV:  7    Int: 10    God:
Gold:   128        SH: 15    Dex: 12    Spells: 5/5 levels left

rFire    . . .     SeeInvis .   l - +0 dagger (venom)
rCold    . . .     Faith    .   c - +0 kite shield
rNeg     . . .     Spirit   .   k - +4 scale mail
rPois    +         Reflect  .   (helmet restricted)
rElec    .         Harm     .   i - +2 cloak
rCorr    .         Rampage  .   (no gloves)
Will     .....                  (no boots)
Stlth    ..........             (no amulet)
HPRegen  0.16/turn              g - +4 ring of protection
MPRegen  0.10/turn              e - ring of poison resistance

@: no status effects
A: antennae 1, large bone plates 2, foul stench 1
a: no special abilities


You were on level 4 of the Dungeon.
You visited 1 branch of the dungeon, and saw 4 of its levels.

You collected 128 gold pieces.

Inventory:

Hand Weapons
 a - a +0 war axe
 l - a +0 dagger of venom (weapon)
Armour
 c - a +0 kite shield (worn)
 i - a +2 cloak (worn)
 k - a +4 scale mail (worn)
Jewellery
 e - a ring of poison resistance (right hand)
 g - a +4 ring of protection (left hand)
Wands
 f - a wand of iceblast (13)
 m - a wand of flame (24) (quivered)
Scrolls
 j - 2 scrolls of teleportation
Potions
 b - a potion of lignification
 d - a potion of might
 h - a potion of curing


   Skills:
 + Level 4.1 Fighting
 + Level 4.0 Axes
 + Level 3.3 Armour
 + Level 1.2 Dodging
 + Level 0.2 Stealth
 + Level 4.0 Shields


You had 5 spell levels left.
You didn't know any spells.
Your spell library contained the following spells:

 Spells                   Type           Power      Damage    Failure   Level
 Beastly Appendage        Tmut           0%         N/A       99%         1
 Freeze                   Ice            0%         1d3       99%         1
 Wereblood                Tmut           0%         N/A       100%        2
 Frozen Ramparts          Ice            0%         1d2       100%        3
 Spider Form              Tmut/Pois      0%         N/A       100%        3
 Hailstorm                Conj/Ice       0%         3d3       100%        4


Dungeon Overview and Level Annotations

Branches:
Dungeon (4/15)
 Temple: D:4-7

Altars:

Annotations:
D:4 Robin


Innate Abilities, Weirdness & Mutations

You have a pair of small antennae on your head.
You are mostly covered in large bone plates. (SH +6)
You may rarely emit foul miasma when damaged in melee.


Message History

You hit the gnoll.
The gnoll looks even sicker.
The gnoll is severely wounded.
You block the gnoll's attack.
The goblin hits you but does no damage. x2
A goblin comes into view. It is wielding a +2 dagger of venom.
A goblin comes into view. It is wielding a +0 dagger.
The gnoll hits you but does no damage.
The goblin shouts!
You hit the gnoll.
The gnoll looks as sick as possible!
The gnoll is almost dead.
You block the goblin's attack. The goblin hits you but does no damage.
A goblin comes into view. It is wielding a +0 dagger.
The gnoll barely misses you. The goblin barely misses you.
You block the goblin's attack.
You kill the gnoll!
You block the goblin's attack. The goblin closely misses you.
You see here a +0 halberd.
Your scale mail prevents you from hitting the goblin.
You block Robin's attack. The goblin closely misses you.
You block the goblin's attack. Robin throws the goblin at you!
Your scale mail prevents you from hitting the goblin.
The goblin shouts!
You block the hobgoblin's attack. You block the goblin's attack.
The goblin hits you with a +0 dagger.
You emit a cloud of foul miasma!
The goblin hits you but does no damage. Robin throws the goblin at you!
The hobgoblin hits you but does no damage.
You hit the goblin.
The goblin is poisoned.
The goblin is moderately wounded.
You block the goblin's attack. The goblin hits you but does no damage.
You are electrocuted!
* * * LOW HITPOINT WARNING * * *
The goblin is engulfed in dark miasma.
The goblin looks even sicker.
The goblin seems to slow down.
You block the goblin's attack. The goblin barely misses you.
Robin throws the goblin at you! The goblin hits you but does no damage.
The hobgoblin barely misses you.
You hit the goblin.
The goblin looks as sick as possible!
The goblin is severely wounded.
You kill the goblin!
You block the goblin's attack. The goblin hits you but does no damage.
You are electrocuted!
You die...

###### ##### #....#
....###########....#
.....##......##....#####g
.....(........#..........
...............gggg.....>
...............g@g)..g...
...............g○gg......
.................).......
.................#.......
....##...................
#####..........##........
...............# .#......
#####.. ....... ...#.#..
. ....... ........


You could see Robin, a hobgoblin (strong) and 8 goblins.

Vanquished Creatures
  Grinder (D:3)
  A centaur skeleton (D:4)
  4 gnolls (D:4)
  3 adders
  An adder skeleton (D:4)
  3 worms
  A dart slug (D:4)
  An orc (D:4)
  5 bats
  7 endoplasms
  A giant cockroach (D:2)
  6 goblins
  4 hobgoblins
  3 jackals (D:2)
  2 quokkas (D:2)
  4 ball pythons
  2 frilled lizards
  11 kobolds
  4 rats
64 creatures vanquished.

Notes
Turn   | Place    | Note
-------+----------+-------------------------------------------
     0 | D:1      | lonewolfV2 the Demonspawn Fighter began the quest for the
                  | Orb.
     0 | D:1      | Reached XP level 1. HP: 18/18 MP: 1/1
   251 | D:1      | Gained mutation: You are partially covered in large bone
                  | plates. (SH +4) [demonic ancestry]
   251 | D:1      | Reached XP level 2. HP: 24/24 MP: 2/2
   315 | D:1      | Found a faded altar of an unknown god.
   857 | D:2      | Reached XP level 3. HP: 28/29 MP: 3/3
  1278 | D:2      | You fall into a shaft and drop 1 floor!
  1429 | D:3      | Gained mutation: You are mostly covered in large bone
                  | plates. (SH +6) [demonic ancestry]
  1429 | D:3      | Reached XP level 4. HP: 36/37 MP: 4/4
  1606 | D:3      | Noticed Grinder
  1628 | D:3      | Paralysed by Grinder for 3 turns
  1646 | D:3      | Killed Grinder
  1647 | D:3      | Reached skill level 1 in Dodging
  1647 | D:3      | Gained mutation: You have a pair of small antennae on your
                  | head. [demonic ancestry]
  1647 | D:3      | Reached XP level 5. HP: 7/42 MP: 5/5
  1647 | D:3      | Gained mutation: You may rarely emit foul miasma when
                  | damaged in melee. [demonic ancestry]
  1647 | D:3      | Reached XP level 6. HP: 8/48 MP: 6/6
  2605 | D:4      | Noticed Robin
  2618 | D:4      | Mangled by a goblin

Illustrated notes

Levels and vault maps discovered:
D:1:      nagdon_arrival_zigzag_paths, layout_basic,
          shapermc_ecumenical_altar_venn
D:2:      layout_rooms, grunt_decor_resistance
D:3:      layout_basic, uniq_grinder
D:4:      layout_rooms, minmay_misc_feat_diagonals, corexii_checkpoint_b,
          uniq_robin

Skill      XL: |  1  2  3  4  5  6 |
---------------+-------------------+-----
Axes           | 2 3 4 |  4.0
Shields        | 3 4 |  4.0
Fighting       | 4 |  4.1
Armour         | 3 |  3.3
Dodging        | 1 |  1.2
Stealth        | |  0.2

Action                   |  1- 3 |  4- 6 || total
-------------------------+-------+-------++-------
Melee: War axe           |   118 |    65 ||   183
       Dagger            |       |     7 ||     7
  Use: Scroll            |     3 |     1 ||     4
       Potion            |       |     2 ||     2
Armor: Scale mail        |    88 |    43 ||   131
       Skin              |     2 |       ||     2
Dodge: Dodged            |    44 |    29 ||    73
Block: Kite shield       |   122 |    75 ||   197
